 Dungeon Crawl Stone Soup version 0.27.1-33-g824d729ab1 (webtiles) character file.

Game seed: 7736454337151414064

12903 raph the Carver (level 11, -6/92 HPs)
             Began as a Minotaur Monk on Dec 29, 2021.
             Was the Champion of Nemelex Xobeh.
             Mangled by a seven-headed hydra (12 damage)
             ... on level 1 of the Lair of Beasts.
             The game lasted 00:26:29 (16833 turns).

raph the Carver (Minotaur Monk)                    Turns: 16833, Time: 00:26:29

Health: -6/92      AC: 14    Str: 15    XL:     11   Next: 68%
Magic:  13/13      EV: 11    Int: 13    God:    Nemelex Xobeh [******]
Gold:   536        SH: 14    Dex: 17    Spells: 10/10 levels left

rFire    . . .     SeeInvis .   a - +6 scimitar (spect)
rCold    + + +     Faith    .   F - +2 kite shield
rNeg     + . .     Spirit   .   D - +0 ice dragon scales
rPois    .         Reflect  .   (helmet restricted)
rElec    .         Harm     .   c - scarf {rC+ rF+}
rCorr    .         Rampage  .   y - +2 pair of gloves
Will     .....                  (no boots)
Stlth    ..........             (no amulet)
HPRegen  0.25/turn              H - +6 ring of intelligence
MPRegen  0.13/turn              K - ring of positive energy

@: no status effects
A: horns 2, retaliatory headbutt
a: Renounce Religion, Draw Escape, Draw Destruction, Draw Summoning, Triple
Draw, Deal Four, Stack Five


You were on level 1 of the Lair of Beasts.
You worshipped Nemelex Xobeh.
Nemelex Xobeh was exalted by your worship.
You visited 2 branches of the dungeon, and saw 11 of its levels.
You also visited: Bailey.

You collected 1428 gold pieces.
You spent 892 gold pieces at shops.

Inventory:

Hand Weapons
 a - a +6 spectral scimitar (weapon)
 b - a +0 hunting sling
 h - a +1 long sword of holy wrath
 J - a +7 vorpal long sword
Missiles
 m - 19 boomerangs (quivered)
 o - a throwing net
 s - 338 stones
 x - 86 sling bullets
Armour
 c - a scarf of resistance (worn)
 w - a +2 cloak
 y - a +2 pair of gloves (worn)
 D - +0 ice dragon scales (worn)
 F - a +2 kite shield (worn)
Jewellery
 H - a +6 ring of intelligence (left hand)
 K - a ring of positive energy (right hand)
Wands
 t - a wand of iceblast (11)
 u - a wand of mindburst (11)
 M - a wand of digging (5)
 N - a wand of paralysis (15)
Scrolls
 g - 2 scrolls of fog
 i - 4 scrolls of teleportation
 k - a scroll of magic mapping
 l - 6 scrolls of fear
 B - 6 scrolls of amnesia
 L - a scroll of silence
 O - 3 scrolls of identify
Potions
 d - 3 potions of invisibility
 e - 2 potions of haste
 f - 3 potions of heal wounds
 j - 2 potions of cancellation
 n - 2 potions of might
 p - a potion of berserk rage
 q - 2 potions of magic
 r - a potion of flight
 v - 8 potions of attraction
 z - a potion of mutation {unknown}
 A - a potion of brilliance
 C - a potion of resistance {unknown}
 E - a potion of curing {unknown}
 G - a potion of lignification
 I - 2 potions of ambrosia


   Skills:
 - Level 7.5 Fighting
 - Level 14.0 Long Blades
 - Level 5.6 Slings
 - Level 6.3 Armour
 - Level 6.9 Dodging
 - Level 1.8 Stealth
 + Level 10.1 Shields
 - Level 5.1 Invocations


You had 10 spell levels left.
You didn't know any spells.
Your spell library contained the following spells:

 Spells                   Type           Power      Damage    Failure   Level
 Static Discharge         Conj/Air       0%         N/A       98%         2
 Frozen Ramparts          Ice            0%         1d2       100%        3
 Airstrike                Air            0%         N/A       100%        4
 Ice Form                 Ice/Tmut       0%         N/A       100%        4
 Summon Ice Beast         Ice/Summ       0%         N/A       100%        4
 Summon Lightning Spire   Summ/Air       0%         N/A       100%        4
 Lightning Bolt           Conj/Air       0%         1d11      100%        5
 Maxwell's Capacitive Co  Air            0%         ∞         100%        8


Dungeon Overview and Level Annotations

Branches:
Dungeon (10/15)            Temple (0/1) D:5            Lair (1/6) D:8
    Orc (0/2) D:9          Bailey (visited)

Altars:
Dithmenos
Elyvilon
Kikubaaqudgha
Makhleb
Nemelex Xobeh
Sif Muna
Wu Jian
Xom
The Shining One

Shops:
D:10 *[?(

Annotations:
D:1 scoll (apport)


Innate Abilities, Weirdness & Mutations

You have a pair of horns on your head.
You reflexively headbutt those who attack you in melee.


Message History

The seven-headed hydra bites you but does no damage.
The seven-headed hydra bites you.
You shoot a sling bullet.
The sling bullet hits the seven-headed hydra.
The seven-headed hydra is severely wounded.
The seven-headed hydra bites you but does no damage.
The seven-headed hydra misses you. The seven-headed hydra bites you!
You block the seven-headed hydra's attack.
The seven-headed hydra barely misses you.
You block the seven-headed hydra's attack.
The seven-headed hydra bites you but does no damage.
You are too injured to fight recklessly!
You feel a bond with your your +6 spectral scimitar.
a - a +6 spectral scimitar (weapon)
The seven-headed hydra bites you!
You block the seven-headed hydra's attack.
The seven-headed hydra barely misses you.
The seven-headed hydra bites you!
* * * LOW HITPOINT WARNING * * *
You block the seven-headed hydra's attack.
The seven-headed hydra bites you.
* * * LOW HITPOINT WARNING * * *
The seven-headed hydra bites you but does no damage.
You are too injured to fight recklessly!
You are too injured to fight recklessly!
You draw a card...
You have drawn the Orb.
Press: ? - help, Shift-Dir - straight line, f/p - seven-headed hydra
Aim: a seven-headed hydra (severely wounded)
The wavering orb of destruction weakly hits the seven-headed hydra!!
The seven-headed hydra is almost dead.
You hear a roar!
The seven-headed hydra bites you but does no damage.
You block the seven-headed hydra's attack.
The seven-headed hydra bites you!
* * * LOW HITPOINT WARNING * * *
The seven-headed hydra bites you but does no damage.
The seven-headed hydra bites you!
You die...
Your body glows slightly and disappears.

#...######
#..........
#..........
#...##.....
#...# #####
#...#######
##..........
#.........>.
##..@D.(((((
#........(.
#..........
#..........
#..........
#..###.###.
#..# .# #...
..


You could see a seven-headed hydra.

Vanquished Creatures
  Harold (D:8)
  A hydra (Lair:1)
  Pikel (D:9)
  An orc knight (Bailey)
  2 orc sorcerers (D:8)
  Maurice (D:9)
  A black mamba (D:6)
  A cane toad (Lair:1)
  A shadow (D:8)
  13 yaks
  A steam dragon (D:9)
  Edmund (D:5)
  An acid dragon (D:9)
  2 water moccasins
  A water moccasin (shapeshifter) (D:10)
  Duvessa (D:5)
  6 orc warriors
  A swamp drake (D:9)
  3 ice beasts
  6 black bears
  2 sky beasts (D:5)
  A necrophage (D:4)
  5 ogres
  2 centaurs
  A lemure (D:9)
  A phantom (D:4)
  3 kobold brigands
  A gnoll sergeant (D:7)
  7 bullfrogs
  A wyvern zombie (D:8)
  3 scorpions
  Dowan (D:5)
  A water moccasin skeleton (D:6)
  9 killer bees (D:9)
  24 wights
  6 howler monkeys
  A centaur zombie (D:10)
  A hound (D:7)
  A gnoll shaman (D:9)
  Crazy Yiuf (D:3)
  A bullfrog skeleton (D:5)
  6 orc priests
  3 iron imps (D:9)
  Ijyb (D:3)
  3 iguanas
  8 orc wizards
  3 killer bee zombies
  5 adders
  6 gnolls
  2 howler monkey skeletons (D:7)
  2 shadow imps
  4 dart slugs
  37 orcs
  5 ball pythons
  7 endoplasms
  6 giant cockroaches
  9 goblins
  7 hobgoblins
  3 jackals (D:1)
  30 kobolds
  2 quokkas (D:2)
  10 bats
  5 frilled lizards
  2 rats
285 creatures vanquished.

Vanquished Creatures (collateral kills)
  A yak (D:8)
1 creature vanquished.

Vanquished Creatures (others)
  An ogre (D:9)
  A quokka (D:7)
  61 fungi
  39 plants
102 creatures vanquished.

Grand Total: 388 creatures vanquished

Notes
Turn   | Place    | Note
-------+----------+-------------------------------------------
     0 | D:1      | raph the Minotaur Monk began the quest for the Orb.
     0 | D:1      | Reached XP level 1. HP: 19/19 MP: 0/0
   144 | D:1      | Reached XP level 2. HP: 27/27 MP: 1/1
   161 | D:1      | Reached skill level 4 in Long Blades
   555 | D:1      | Reached XP level 3. HP: 33/33 MP: 2/2
   970 | D:1      | Found a faded altar of an unknown god.
  1086 | D:1      | Became a worshipper of Nemelex Xobeh the Trickster
  1086 | D:1      | Reached * piety under Nemelex Xobeh
  1086 | D:1      | Received a gift from Nemelex Xobeh
  1086 | D:1      | Reached ** piety under Nemelex Xobeh
  1086 | D:1      | Received a gift from Nemelex Xobeh
  1161 | D:2      | Reached skill level 5 in Long Blades
  1162 | D:2      | Found an ancient bone altar of Kikubaaqudgha.
  1414 | D:2      | Reached *** piety under Nemelex Xobeh
  1767 | D:3      | Reached XP level 4. HP: 38/40 MP: 3/3
  2039 | D:3      | Noticed Ijyb
  2048 | D:3      | Killed Ijyb
  2049 | D:3      | Reached skill level 6 in Long Blades
  2156 | D:3      | Received a gift from Nemelex Xobeh
  2182 | D:3      | Found a shadowy altar of Dithmenos.
  2182 | D:3      | Found a glowing golden altar of the Shining One.
  2184 | D:3      | Found an ornate altar of the Wu Jian Council.
  2184 | D:3      | Found a shimmering blue altar of Sif Muna.
  2467 | D:3      | Found a runed translucent door.
  2468 | D:3      | Noticed Crazy Yiuf
  2484 | D:3      | Killed Crazy Yiuf
  2485 | D:3      | Reached XP level 5. HP: 23/46 MP: 0/4
  2788 | D:4      | Noticed a necrophage
  2802 | D:4      | Killed a necrophage
  2803 | D:4      | Reached skill level 7 in Long Blades
  2906 | D:4      | Noticed a phantom
  2925 | D:4      | Killed a phantom
  2926 | D:4      | Reached skill level 8 in Long Blades
  2926 | D:4      | Reached XP level 6. HP: 46/52 MP: 5/5
  3877 | D:4      | Reached skill level 9 in Long Blades
  4503 | D:5      | Entered Level 5 of the Dungeon
  4503 | D:5      | Received a gift from Nemelex Xobeh
  4510 | D:5      | Noticed a sky beast
  4520 | D:5      | Killed a sky beast
  4521 | D:5      | Reached XP level 7. HP: 50/58 MP: 6/6
  4708 | D:5      | Found a staircase to the Ecumenical Temple.
  4788 | D:5      | Reached skill level 10 in Long Blades
  5002 | D:5      | Reached **** piety under Nemelex Xobeh
  5047 | D:5      | Received a gift from Nemelex Xobeh
  5084 | D:5      | Noticed Edmund
  5101 | D:5      | Killed Edmund
  5113 | D:5      | Reached skill level 11 in Long Blades
  5113 | D:5      | Reached XP level 8. HP: 50/66 MP: 7/7
  5472 | D:5      | Found the +3 hat of Pondering {ponderous, Will+ MP+10
                  | Int+5}
  5580 | D:5      | Noticed Dowan
  5580 | D:5      | Noticed Duvessa
  5599 | D:5      | Killed Duvessa
  5609 | D:5      | Killed Dowan
  6057 | D:6      | Reached skill level 12 in Long Blades
  6109 | D:6      | Received a gift from Nemelex Xobeh
  6245 | D:6      | Noticed a black mamba
  6245 | D:6      | an ogre changed into a black mamba
  6248 | D:6      | Killed a black mamba
  6249 | D:6      | Reached skill level 13 in Long Blades
  7374 | D:6      | Reached XP level 9. HP: 18/71 MP: 8/8
  8035 | D:7      | Reached skill level 14 in Long Blades
  8051 | D:7      | Reached skill level 1 in Armour
  8130 | D:7      | Received a gift from Nemelex Xobeh
  8145 | D:7      | Reached skill level 1 in Invocations
  8148 | D:7      | Reached skill level 1 in Slings
  8220 | D:7      | Found a white marble altar of Elyvilon.
  9066 | D:7      | Reached skill level 1 in Shields
  9206 | D:7      | Reached ***** piety under Nemelex Xobeh
  9284 | D:7      | Reached skill level 5 in Fighting
  9464 | D:8      | Received a gift from Nemelex Xobeh
  9711 | D:8      | Noticed an orc sorcerer
  9711 | D:8      | Noticed an orc sorcerer
  9716 | D:8      | Noticed an orange demon
  9717 | D:8      | Noticed a rust devil
  9717 | D:8      | Killed an orc sorcerer
  9718 | D:8      | Killed an orc sorcerer
  9719 | D:8      | Reached skill level 5 in Dodging
  9719 | D:8      | Reached XP level 10. HP: 63/81 MP: 9/11
 10095 | D:8      | Found a staircase to the Lair.
 10342 | D:8      | Received a gift from Nemelex Xobeh
 10510 | D:7      | Reached skill level 5 in Shields
 10753 | D:8      | Noticed Harold
 10782 | D:8      | Killed Harold
 10783 | D:8      | Reached skill level 5 in Armour
 11879 | D:9      | Reached XP level 11. HP: 64/91 MP: 13/13
 12068 | D:9      | Noticed Maurice
 12087 | D:9      | Killed Maurice
 12087 | D:9      | Noticed Pikel
 12088 | D:9      | Reached skill level 5 in Slings
 12098 | D:9      | Killed Pikel
 12220 | D:9      | Received a gift from Nemelex Xobeh
 12458 | D:9      | Found a shimmering altar of Xom.
 12465 | D:9      | Found a flagged portal.
 12504 | Bailey   | Entered a bailey
 12739 | Bailey   | Noticed an orc knight
 12759 | Bailey   | Killed an orc knight
 13061 | Bailey   | Found a bloodstained altar of Trog.
 13725 | D:9      | Found a burning altar of Makhleb.
 13748 | D:9      | Reached skill level 5 in Invocations
 13923 | D:9      | Received a gift from Nemelex Xobeh
 14450 | D:9      | Found a staircase to the Orcish Mines.
 15615 | D:10     | Entered Level 10 of the Dungeon
 15729 | D:10     | Found Citixi's General Store.
 15740 | D:10     | Bought a potion of heal wounds for 85 gold pieces
 15740 | D:10     | Bought a scroll of magic mapping for 59 gold pieces
 15796 | D:10     | Found Carhus's Armour Shop.
 15822 | D:10     | Found Xiupink's Antique Weapon Shoppe.
 15871 | D:10     | Found Meenasaz's Magic Scroll Emporium.
 15877 | D:10     | Bought a scroll of identify for 30 gold pieces
 15877 | D:10     | Bought a scroll of identify for 30 gold pieces
 15877 | D:10     | Bought a scroll of brand weapon for 300 gold pieces
 15911 | D:10     | Bought a scroll of enchant weapon for 112 gold pieces
 15911 | D:10     | Bought a scroll of enchant weapon for 112 gold pieces
 15911 | D:10     | Bought a scroll of silence for 112 gold pieces
 15911 | D:10     | Bought a scroll of fear for 52 gold pieces
 15979 | D:10     | Received a gift from Nemelex Xobeh
 16366 | Lair:1   | Entered Level 1 of the Lair of Beasts
 16382 | Lair:1   | Reached ****** piety under Nemelex Xobeh
 16555 | Lair:1   | Noticed a five-headed hydra
 16565 | Lair:1   | Killed an 11-headed hydra
 16566 | Lair:1   | Reached skill level 10 in Shields
 16748 | Lair:1   | Received a gift from Nemelex Xobeh
 16822 | Lair:1   | Noticed a seven-headed hydra
 16833 | Lair:1   | Mangled by a seven-headed hydra

Illustrated notes

Levels and vault maps discovered:
D:1:      grunt_arrival_lava_bath, layout_basic, basic_ecumenical_altar
D:2:      layout_basic, minmay_hexomino_r4
D:3:      layout_basic, mainiacjoe_overflow_alcove_3, uniq_ijyb,
          uniq_crazy_yiuf_cottage
D:4:      layout_basic
D:5:      layout_basic, uniq_edmund, uniq_duvessa
D:6:      layout_loops_cross, abandoned_shop, minmay_misc_feat_hallway,
          lightli_minifort
D:7:      layout_basic, elyvilon_altar_4, minivault_4
D:8:      cheibrodos_wizards_tower, layout_layer_cave,
          due_lair_maze_entry_diamond, minmay_crossroads, uniq_harold
D:9:      layout_basic, demons_altar, xom_teletrap_fun, erik_orc_1,
          enter_bailey_2, uniq_pikel, uniq_maurice
D:10:     layout_rooms, serial_shops, nicolae_shop_trees, nicolae_shop_stone,
          nicolae_lakefront_shop, nicolae_diamond_shop, amethyst_killhole
Lair:1:   layout_regular_city, ebering_ghost_disaster_area,
          hangedman_lair_generics_rect

Skill      XL: |  1  2  3  4  5  6  7  8  9 10 11 |
---------------+----------------------------------+-----
Long Blades    | 4 5 6 8 9 11 13 14 | 14.0
Fighting       | 5 6 7 |  7.5
Armour         | 3 5 6 |  6.3
Invocations    | 3 4 5 |  5.1
Slings         | 3 4 5 |  5.6
Dodging        | 5 6 |  6.9
Shields        | 3 6 10 | 10.1
Stealth        | |  1.8

Action                   |  1- 3 |  4- 6 |  7- 9 | 10-12 || total
-------------------------+-------+-------+-------+-------++-------
Melee: Falchion          |    85 |   115 |   155 |       ||   355
       Headbutt          |    13 |    20 |    48 |    72 ||   153
       Long sword        |       |       |    80 |   347 ||   427
       Scimitar          |       |       |       |    17 ||    17
 Fire: Hunting sling     |       |     7 |    39 |   105 ||   151
Throw: Boomerang         |     2 |       |     1 |       ||     3
Invok: Draw Destruction  |       |     3 |    14 |     4 ||    21
       Draw Escape       |       |       |     1 |     2 ||     3
       Draw Summoning    |       |       |       |     3 ||     3
Evoke: Wand              |       |       |     1 |       ||     1
  Use: Scroll            |     3 |     5 |     4 |    15 ||    27
       Potion            |       |       |       |     3 ||     3
 Stab: Sleeping          |     2 |       |       |       ||     2
Armor: Robe              |     3 |       |       |       ||     3
       Ring mail         |    17 |       |       |       ||    17
       Chain mail        |    11 |    59 |    45 |       ||   115
       Ice dragon scales |       |       |    30 |   119 ||   149
Dodge: Dodged            |    48 |    39 |    84 |   115 ||   286
Block: Kite shield       |       |       |     5 |   196 ||   201
       Rpst.: Falchion   |    15 |    13 |    12 |       ||    40
       Long sword        |       |       |    10 |    20 ||    30
       Scimitar          |       |       |       |     2 ||     2
